 Dungeon Crawl Stone Soup version 0.30.0-13-g156ef70053 (webtiles) character file.

Game seed: 16011737901531474437

4062 sasquatch the Thaumaturge (level 10, 0/77 HPs)
             Began as a Djinni Fire Elementalist on May 18, 2023.
             Was an Initiate of Ashenzari.
             Slain by an orc warrior
             ... wielding a +0 short sword
              (1 damage)
             ... on level 11 of the Dungeon.
             The game lasted 00:14:42 (7314 turns).

sasquatch the Thaumaturge (DjFE)                    Turns: 7314, Time: 00:14:42

Health: 0/77       AC:  6    Str:  7    XL:     10   Next: 49%
Gold:   285        EV: 12    Int: 22    God:    Ashenzari [......] SH:  5 Dex: 13

rFire   + + .        u - +3 dagger (freeze)
rCold   . . .        (no shield)
rNeg    . . .        z - +2 robe {rC+}
rPois   ∞            (no helmet)
rElec   .            C - +1 cloak
rCorr   .            (no gloves)
SInv    .            (boots unavailable)
Will    ++...        B - amulet of reflection
Stlth   ++           f - ring of the Esoteric God {Will+, Fort, Self} (curse)
HPRegen 0.32/turn    (no ring)
MPRegen 0.00/turn

%: reflection, infuse magic (-1 HP)
@: flying
A: sickness immunity, fire resistance 2, cold vulnerability 1, float, innate
caster, HP casting, extra vitality 1
a: Renounce Religion, Curse Item, Shatter the Chains


You were on level 11 of the Dungeon.
You worshipped Ashenzari.
Ashenzari was noncommittal.
You visited 2 branches of the dungeon, and saw 10 of its levels.
You also visited: Sewer.

You collected 457 gold pieces.
You spent 172 gold pieces at shops.

Inventory:

Hand Weapons
 l - a +2 great sword
 u - a +3 dagger of freezing (weapon)
 w - a +1 heavy flail
 A - a +0 hand axe of electrocution
 F - a +3 flail of holy wrath
 H - a +0 rapier
Missiles
 g - a throwing net
 G - 6 poisoned darts
Armour
 a - a +2 ring mail of cold resistance
 z - a +2 robe of cold resistance (worn)
 C - a +1 cloak (worn)
Jewellery
 f - the cursed ring of the Esoteric God (left hand) {Will+, Fort, Self}
   (You found it on level 1 of the Dungeon)

   [ring of willpower]

   Will:      It increases your willpower.
   It has a curse which improves the following skills: Fortitude: Armour and
   Shields.
   Introspection: Fighting and Spellcasting.
 B - an amulet of reflection (around neck)
 I - an amulet of the acrobat
Wands
 n - a wand of iceblast (11)
 D - a wand of flame (36)
 K - a wand of digging (6)
 L - a wand of quicksilver (10)
Scrolls
 b - 3 scrolls of teleportation
 m - a scroll of immolation {unknown}
 r - 4 scrolls of enchant weapon
 s - a scroll of brand weapon {unknown}
 v - a scroll of fog
 x - a scroll of poison {unknown}
 y - a scroll of fear {unknown}
 E - a scroll of vulnerability {unknown}
 J - a scroll of blinking {unknown}
Potions
 c - 3 potions of curing
 d - 3 potions of heal wounds
 e - 3 potions of cancellation
 h - 3 potions of ambrosia
 i - 3 potions of brilliance
 j - 5 potions of mutation
 k - 2 potions of attraction {unknown}
 o - a potion of lignification {unknown}
 p - 3 potions of berserk rage
 q - 5 potions of flight
 t - 3 potions of might


   Skills:
 + Level 8.3(8.7) Fighting
 - Level 2.1 Dodging
 - Level 1.5 Stealth
 * Level 9.5(10.0) Spellcasting


You knew the following spells:

 Your Spells              Type           Power      Damage    Failure   Level
a - Foxfire               Conj/Fire      100%       2x1d9     1%          1
b - Scorch                Fire           100%       2d9       1%          2
c - Volatile Blastmotes   Fire/Tloc      100%       2d18      1%          3
d - Inner Flame           Hex/Fire       53%        N/A       1%          3
e - Flame Wave            Conj/Fire      53%        2d13      1%          4
f - Kiss of Death         Conj/Necr      100%       2d13      1%          1
g - Call Imp              Summ           100%       N/A       1%          2
h - Swiftness             Air            53%        N/A       1%          3
i - Manifold Assault      Tloc           53%        N/A       1%          4
Your spell library was empty.

Dungeon Overview and Level Annotations

Branches:
Dungeon (8/15)             Temple (1/1) D:5           Sewer (visited)
   Lair: D:8-11

Altars:
Ashenzari
Cheibriados
Elyvilon
Fedhas
Gozag
Hepliaklqana
Nemelex Xobeh
Okawaru
Trog
Wu Jian
Xom
Yredelemnul
Zin
The Shining One

Shops:
D:3 *!   D:7 ([


Innate Abilities, Weirdness & Mutations

You are immune to sickness and miasma.
You are immune to poison.
Your flesh is very heat resistant. (rF++)
You are vulnerable to cold. (rC-)
You float through the air rather than walking.
You learn spells naturally, not from books.
Your magical power is your life essence.
You have superior vitality. (+4 MHP)


Message History

You finish channelling waves of flame.
The orc warrior barely misses you.
The orc warrior hits you with a +0 war axe.
* * * LOW HITPOINT WARNING * * *
The orc warrior barely misses you.
Casting: Flame Wave (dangerous; 1% risk of failure)
Confirm with . or Enter, or press ? or * to list all spells.
Casting: Flame Wave (dangerous; 1% risk of failure)
Press: ? - help, Dir - look around, f - activate A wave of flame ripples out!
The flame wave engulfs the orc priest!
You kill the orc priest!
The flame wave engulfs the orc warrior.
The orc warrior is heavily wounded.
The flame wave engulfs the orc warrior!
You kill the orc warrior! (Press . to intensify the flame waves.)
* * * LOW HITPOINT WARNING * * *
The orc warrior closely misses you.
The orc warrior hits you with a +0 war axe!
* * * LOW HITPOINT WARNING * * *
A wave of flame ripples out!
The flame wave engulfs the ogre!!
You kill the ogre!
The flame wave engulfs the orc warrior!!
You kill the orc warrior!
The flame wave engulfs the orc!
You kill the orc!
The flame wave engulfs the orc warrior!
The orc warrior is heavily wounded.
The flame wave engulfs the orc!
You kill the orc!
The flame wave engulfs the orc warrior!
The orc warrior is almost dead.
The flame wave engulfs the orc!!
You kill the orc!
The flame wave engulfs the orc warrior.
The orc warrior is lightly wounded.
* * * LOW HITPOINT WARNING * * *
You block the orc warrior's attack.
Without enough magic to sustain them, the waves of flame dissipate.
The orc warrior hits you with a +0 short sword.
You die...

#.. #.# #.#
#.#####.#####
#^..........#
######'######
#.## #..#
##@# #.oo)..#
#))))o.#
#._.)..#
#.$....#
#.$..$.+
#......#
#..$...#


You could see 3 orc warriors.

Vanquished Creatures
  Sigmund (D:6)
  2 yaks (D:8)
  Eustachio (D:6)
  Edmund (D:6)
  2 sky beasts
  3 ice beasts
  A black bear (D:6)
  6 orc warriors
  3 ogres
  A kobold brigand (Sewer)
  2 bullfrogs
  6 scorpions
  4 wights (D:5)
  A howler monkey (D:5)
  5 jellies
  Crazy Yiuf (D:5)
  5 orc priests
  5 hounds
  Jessica (D:2)
  6 iguanas
  3 orc wizards
  Natasha (twice) (D:3)
  A sleepcap (D:6)
  12 adders
  7 gnolls
  2 river rats (Sewer)
  A white imp (D:7)
  An ufetubus (D:6)
  3 worms (D:3)
  2 dart slugs
  47 orcs
  7 ball pythons
  3 endoplasms
  2 giant cockroaches (D:1)
  4 goblins
  4 hobgoblins
  2 jackals (Sewer)
  8 quokkas
  4 bats
  3 frilled lizards
  14 kobolds
  13 rats
202 creatures vanquished.

Vanquished Creatures (collateral kills)
  An orc wizard (D:7)
  A foxfire (D:6)
2 creatures vanquished.

Vanquished Creatures (others)
  536 foxfires
536 creatures vanquished.

Grand Total: 740 creatures vanquished

Notes
Turn   | Place    | Note
-------+----------+-------------------------------------------
     0 | D:1      | sasquatch the Djinni Fire Elementalist began the quest for
                  | the Orb.
     0 | D:1      | sasquatch set off with the following spells memorised:
                  | Foxfire, Scorch, Volatile Blastmotes, Inner Flame, Flame
                  | Wave.
     0 | D:1      | Reached XP level 1. HP: 15/15 MP: 0/0
    94 | D:1      | Reached XP level 2. HP: 20/22 MP: 0/0
   346 | D:1      | Reached skill level 1 in Fighting
   526 | D:1      | Reached XP level 3. HP: 23/27 MP: 0/0
   526 | D:1      | Learned a level 1 spell: Kiss of Death
   715 | D:1      | Reached skill level 3 in Spellcasting
   928 | D:2      | Noticed Jessica
   931 | D:2      | Killed Jessica
   932 | D:2      | Reached XP level 4. HP: 30/33 MP: 0/0
  1514 | D:3      | Found a glowing silver altar of Zin.
  1521 | D:3      | Reached XP level 5. HP: 29/38 MP: 0/0
  1521 | D:3      | Learned a level 2 spell: Call Imp
  1557 | D:3      | Found Haruic's General Store.
  1565 | D:3      | Bought a scroll of teleportation for 36 gold pieces
  1576 | D:3      | Bought a throwing net for 36 gold pieces
  1584 | D:3      | Bought a potion of berserk rage for 60 gold pieces
  1716 | D:3      | Found a glowing drain.
  1725 | Sewer    | Entered a sewer
  1855 | Sewer    | Noticed a kobold brigand
  1861 | Sewer    | Killed a kobold brigand
  1862 | Sewer    | Reached skill level 4 in Spellcasting
  1862 | Sewer    | Reached XP level 6. HP: 34/45 MP: 0/0
  1936 | Sewer    | Found a white marble altar of Elyvilon.
  1994 | D:3      | Found Tofuec's Distillery.
  1997 | D:3      | Noticed Natasha
  2000 | D:3      | Killed Natasha
  2013 | D:3      | Bought a potion of might for 40 gold pieces
  2422 | D:3      | Noticed Natasha
  2427 | D:3      | Killed Natasha
  2928 | D:4      | Reached XP level 7. HP: 48/50 MP: 0/0
  2928 | D:4      | Learned a level 3 spell: Swiftness
  3179 | D:4      | Reached skill level 5 in Spellcasting
  3869 | D:5      | Entered Level 5 of the Dungeon
  3877 | D:5      | Reached XP level 8. HP: 53/58 MP: 0/0
  3924 | D:5      | Found a runed translucent door.
  3925 | D:5      | Noticed Crazy Yiuf
  4013 | D:5      | Reached skill level 6 in Spellcasting
  4023 | D:5      | Reached skill level 5 in Fighting
  4355 | D:5      | Found a staircase to the Ecumenical Temple.
  4371 | Temple   | Entered the Ecumenical Temple
  4378 | Temple   | Became a worshipper of Ashenzari the Shackled
  4458 | D:5      | Reached skill level 7 in Spellcasting
  4458 | D:5      | Reached XP level 9. HP: 47/66 MP: 0/0
  4458 | D:5      | Learned a level 4 spell: Manifold Assault
  4543 | D:5      | Found an iron altar of Okawaru.
  5102 | D:5      | Killed Crazy Yiuf
  5197 | D:6      | Noticed Edmund
  5405 | D:6      | Noticed Sigmund
  5412 | D:6      | Killed Sigmund
  5629 | D:6      | Killed Edmund
  5805 | D:6      | Noticed Eustachio
  5817 | D:6      | Killed Eustachio
  5818 | D:6      | Reached skill level 8 in Spellcasting
  6389 | D:7      | Reached XP level 10. HP: 73/76 MP: 0/0
  6531 | D:7      | Found a glowing golden altar of the Shining One.
  6581 | D:7      | Found Himuch's Armour Emporium.
  6636 | D:7      | Found Enwiodah's Weapon Emporium.
  7092 | D:8      | Reached skill level 9 in Spellcasting
  7279 | D:8      | Found a hazy altar of Hepliaklqana.
  7296 | D:8      | You are sucked into a shaft and drop 3 floors!
  7312 | D:11     | HP: 2/77 [orc warrior/+0 war axe (16)]
  7314 | D:11     | Slain by an orc warrior

Illustrated notes

Levels and vault maps discovered:
D:1:      sevenhm_arrival_forest_fort_large_4, layout_basic
D:2:      layout_loops_ring, uniq_jessica
D:3:      layout_basic, old_standard_altar, portal_sewer_entry_b, serial_shops,
          shop, shop, uniq_natasha
D:4:      layout_basic
D:5:      layout_basic, mainiacjoe_overflow_paths,
          minmay_temple_entry_stoned_glass, hex_large, uniq_crazy_yiuf_cottage
D:6:      layout_gridville, nicolae_overflow_hidden_temple, uniq_eustachio,
          uniq_sigmund, uniq_edmund
D:7:      layout_layer_cave, mainiacjoe_overflow_cross_hatched, serial_shops,
          shop, shop, grunt_ministairs_15
D:8:      layout_basic, nicolae_hepliaklqana_hazy_memory,
          nicolae_ru_awakened_eye, dpeg_oklobed_lair, uniq_joseph
D:11:     layout_roguey [special_room_orc], nicolae_transporter_intersection
Temple:   nicolae_temple_no_exploring_needed

Skill      XL: |  1  2  3  4  5  6  7  8  9 10 |
---------------+-------------------------------+-----
Fighting       | 1 2 3 4 5 7 8 |  8.3
Spellcasting   | 3 4 5 7 8 9 |  9.5
Dodging        | |  2.1
Stealth        | |  1.5

Action                     |  1- 3 |  4- 6 |  7- 9 | 10-12 || total
---------------------------+-------+-------+-------+-------++-------
  Melee: Unarmed           |     1 |       |       |       ||     1
         Dagger            |       |       |    20 |     2 ||    22
         Punch             |       |       |     1 |       ||     1
   Cast: Foxfire           |    39 |   101 |   148 |    27 ||   315
         Scorch            |     9 |    22 |    61 |     6 ||    98
         Flame Wave        |       |     1 |     4 |     6 ||    11
         Call Imp          |       |       |     4 |     1 ||     5
         Volatile Blastmot |       |       |       |     1 ||     1
 Invoke: Curse Item        |       |       |     1 |       ||     1
    Use: Scroll            |       |     6 |     4 |       ||    10
 Armour: Robe              |     3 |     1 |     6 |     1 ||    11
  Dodge: Dodged            |    10 |    13 |    34 |     8 ||    65
  Block: Other             |       |       |     5 |     2 ||     7
